 Dungeon Crawl Stone Soup version 0.19-a0-1007-g133f65f (webtiles) character file.

759 Gingerlord the Skirmisher (level 7, -4/91 HPs)
             Began as a Minotaur Fighter on July 20, 2016.
             Was a Follower of Uskayaw.
             Slain by an orc
             ... wielding a cursed -2 hand axe
              (5 damage)
             ... on level 4 of the Dungeon.
             The game lasted 00:08:48 (3445 turns).

Gingerlord the Skirmisher (Minotaur Fighter)        Turns: 3445, Time: 00:08:48

Health: -4/91      AC:  7    Str: 26    XL:     7   Next: 50%
Magic:  8/8        EV:  6    Int:  5    God:    Uskayaw [*.....]
Gold:   170        SH:  8    Dex: 11    Spells: 0 memorised, 6 levels left

rFire  + . .     SeeInvis .     a - +0 war axe
rCold  . . .     Gourm    .     b - +0 scale mail
rNeg   . . .     Faith    .     c - +0 shield
rPois  .         Spirit   .     (helmet restricted)
rElec  .         Dismiss  +     r - +0 cloak (curse)
rCorr  .         Reflect  .     (no gloves)
SustAt .         Harm     .     (no boots)
MR     .....                    n - amulet of dismissal
Stlth  ..........               (no ring)
                                (no ring)

@: berserking, very slightly contaminated, hasted, very heavily drained, very
quick, not resistant to hostile enchantments, extremely unstealthy
A: retaliatory headbutt, horns 2, fire resistance 1, mutation resistance 1,
MP-powered wands
a: Stomp, Renounce Religion


You were on level 4 of the Dungeon.
You worshipped Uskayaw.
Uskayaw was noncommittal.
You were not hungry.

You visited 1 branch of the dungeon, and saw 4 of its levels.

You collected 170 gold pieces.

Inventory:

Hand Weapons
 a - a +0 war axe (weapon)
Armour
 b - a +0 scale mail (worn)
 c - a +0 shield (worn)
 r - a cursed +0 cloak (worn)
Jewellery
 n - an amulet of dismissal (around neck)
 s - an uncursed ring of sustain attributes {unknown}
Scrolls
 e - 3 scrolls of remove curse {unknown}
 g - 2 scrolls of identify {unknown}
 j - a scroll of blinking {unknown}
 l - 2 scrolls of amnesia {unknown}
Potions
 d - a potion of invisibility {unknown}
 i - a potion of haste
 t - a potion of brilliance {unknown}
 v - a potion of lignification {unknown}
Comestibles
 f - 5 bread rations
 h - 6 fruits
 k - a beef jerky
 o - 2 meat rations
 q - 2 slices of pizza
 w - a chunk of flesh


   Skills:
 + Level 5.4(0.0) Fighting
 + Level 5.2(0.0) Axes
 + Level 5.0(0.0) Armour
 + Level 2.9(0.0) Dodging
 + Level 5.2(0.0) Shields
 * Level 3.8(0.0) Invocations


You had 6 spell levels left.
You didn't know any spells.

Dungeon Overview and Level Annotations

Branches:
Dungeon (4/15)
 Temple: D:4-7

Altars:
Gozag
Kikubaaqudgha
Nemelex Xobeh
Uskayaw
Vehumet
Xom


Innate Abilities, Weirdness & Mutations

You reflexively headbutt those who attack you in melee.
You have a pair of horns on your head.
Your flesh is heat resistant. (rF+)
You are somewhat resistant to further mutation.
You expend magic power (3 MP) to strengthen your wands.


Message History

It was a potion of mutation.
You feel extremely strange.
You feel resistant to heat.
You feel your magical essence link to your wands.
You feel genetically stable.
The orc priest hits you but does no damage.
You block the orc's attack.
It was a potion of berserk rage.
A red film seems to cover your vision as you go berserk!
You feel yourself moving faster!
You feel mighty!
You closely miss the orc priest.
The orc priest is lightly wounded.
You closely miss the orc. The orc priest hits you with a dagger.
* * * LOW HITPOINT WARNING * * *
The orc closely misses you.
You completely miss the orc priest.
The orc priest is lightly wounded.
Your shield and scale mail prevent you from hitting the orc.
The orc priest hits you but does no damage.
The orc hits you with a hand axe.
You die...

#...# #...# ########
#...# #...# #.)....#
#...# #.... #......#
#...# ##...
#......###...#######...
#......'...)....))('...
#......#############...
#####.......# ####
#)@.....# #oo)....#
#.......# ##'###### #.#
#.# #.# #.#


You could see an orc priest and an orc.

Vanquished Creatures
  Grinder (D:3)
  A scorpion (D:4)
  A howler monkey (D:4)
  A hound (D:3)
  An orc wizard (D:4)
  3 orc priests
  Crazy Yiuf (D:3)
  A gnoll shaman (D:4)
  An iguana (D:4)
  Jessica (D:3)
  Ijyb (D:3)
  4 adders
  4 gnolls
  An ooze (D:3)
  An adder skeleton (D:4)
  2 worms (D:2)
  3 giant geckos
  14 orcs
  2 ball pythons
  4 giant cockroaches
  6 hobgoblins
  10 jackals
  2 quokkas
  13 bats
  4 giant newts
  12 goblins
  4 kobolds
  6 rats
105 creatures vanquished.

Vanquished Creatures (others)
  4 toadstools (D:1)
4 creatures vanquished.

Grand Total: 109 creatures vanquished

Notes
Turn   | Place    | Note
-------+----------+-------------------------------------------
     0 | D:1      | Gingerlord the Minotaur Fighter began the quest for the Orb.
     0 | D:1      | Reached XP level 1. HP: 19/19 MP: 0/0
   263 | D:1      | Reached XP level 2. HP: 26/27 MP: 1/1
   390 | D:1      | Reached skill level 1 in Dodging
   806 | D:2      | Reached XP level 3. HP: 29/33 MP: 2/2
   838 | D:2      | Found a shimmering altar of Xom.
   910 | D:2      | Found an ancient bone altar of Kikubaaqudgha.
   921 | D:2      | Found a radiant altar of Vehumet.
   921 | D:2      | Found a hide-covered altar of Uskayaw.
  1028 | D:2      | Became a worshipper of Uskayaw the Reveler
  1058 | D:2      | Reached * piety under Uskayaw
  1200 | D:2      | Reached XP level 4. HP: 40/40 MP: 3/3
  1246 | D:2      | You fall through a shaft!
  1295 | D:3      | Reached skill level 1 in Invocations
  1310 | D:3      | Noticed Jessica
  1315 | D:3      | Killed Jessica
  1316 | D:3      | Reached ** piety under Uskayaw
  1388 | D:3      | Noticed Ijyb
  1394 | D:3      | Killed Ijyb
  1394 | D:3      | Reached XP level 5. HP: 47/47 MP: 3/5
  1400 | D:3      | Found a runed door.
  1404 | D:3      | Noticed Crazy Yiuf
  1426 | D:3      | Killed Crazy Yiuf
  1573 | D:3      | Found an opulent altar of Gozag.
  1981 | D:2      | Found a sparkling altar of Nemelex Xobeh.
  2183 | D:3      | Noticed Grinder
  2188 | D:3      | Paralysed by Grinder for 7 turns
  2198 | D:3      | Paralysed by Grinder for 2 turns
  2221 | D:3      | Killed Grinder
  2221 | D:3      | Reached skill level 5 in Fighting
  2221 | D:3      | Reached XP level 6. HP: 10/56 MP: 5/7
  2614 | D:4      | Reached skill level 5 in Shields
  2643 | D:4      | Reached XP level 7. HP: 58/61 MP: 8/8
  3153 | D:4      | Reached skill level 5 in Axes
  3422 | D:4      | Reached skill level 5 in Armour
  3439 | D:4      | HP: 2/61 [orc/hand axe (3)]
  3442 | D:4      | Gained mutation: Your flesh is heat resistant. (rF+) [potion of mutation]
  3442 | D:4      | Gained mutation: You expend magic power (3 MP) to strengthen your wands. [potion of mutation]
  3442 | D:4      | Gained mutation: You are somewhat resistant to further mutation. [potion of mutation]
  3444 | D:4      | HP: 1/91 [orc priest/dagger (3)]
  3445 | D:4      | Slain by an orc

Vault maps used:
D:1:      ldierk_water_garden
D:2:      nemelex_altar_shiori, marbit_many_paths, grunt_temple_overflow_open
D:3:      grunt_gozag_breadcrumbs, first_bread, uniq_crazy_yiuf_cottage,
          uniq_grinder, uniq_iyjb, uniq_jessica
D:4:      minivault_25, uniq_duvessa

Skill      XL: |  1  2  3  4  5  6  7 |
---------------+----------------------+-----
Dodging        | 1 2 |  2.9
Axes           | 3 4 5 |  5.2
Fighting       | 4 5 |  5.4
Shields        | 4 5 |  5.2
Armour         | 4 5 |  5.0
Invocations    | 1 3 |  3.8

Action                   |  1- 3 |  4- 6 |  7- 9 || total
-------------------------+-------+-------+-------++-------
Melee: War axe           |   102 |   107 |    92 ||   301
       Headbutt          |     9 |    17 |    16 ||    42
  Use: Potion            |       |     3 |     4 ||     7
  Eat: Chunk             |     1 |     5 |     3 ||     9
Armor: Scale mail        |    53 |    22 |    56 ||   131
Dodge: Dodged            |    30 |    39 |    23 ||    92
Block: Shield            |    66 |    52 |    39 ||   157
